 Dungeon Crawl Stone Soup version 0.20-a0-252-gcc89fee (webtiles) character file.

70193 Gorfmaster the Impaler (level 15, 0/158 HPs)
             Began as a Naga Fighter on Nov 28, 2016.
             Was a High Priest of Cheibriados.
             Succumbed to a sea snake's poison
             ... on level 5 of the Lair of Beasts on Nov 30, 2016.
             The game lasted 01:14:42 (18182 turns).

Gorfmaster the Impaler (Naga Fighter)              Turns: 18182, Time: 01:14:42

Health: 0/158      AC: 31    Str: 35    XL:     15   Next: 32%
Magic:  11/22      EV:  4    Int: 22    God:    Cheibriados [*****.]
Gold:   1083       SH:  0    Dex: 31    Spells: 14/14 levels left

rFire  + . .     SeeInvis +     o - +0 glaive (venom)
rCold  . . .     Gourm    +     j - +5 plate armour
rNeg   . . .     Faith    .     (shield currently unavailable)
rPois  +         Spirit   .     s - +0 helmet
rElec  .         Reflect  .     (no cloak)
rCorr  .         Harm     .     L - +0 pair of gloves
MR     +....                    B - +0 naga barding
Stlth  ..........               k - amulet of the gourmand
                                (no ring)
                                (no ring)

@: lethally poisoned (0 -> -3), very slow
A: stinger 1, rugged brown scales 1, see invisible, agile 1, deformed body, fire
resistance 1, poison resistance, robust 1, slowness 2, slow metabolism 1, spit
poison 1, subdued magic 1, constrict 1, AC +5
a: Spit Poison, Bend Time, Temporal Distortion, Slouch, Step From Time, Renounce
Religion


You were on level 5 of the Lair of Beasts.
You worshipped Cheibriados.
Cheibriados was extremely pleased with you.
You were very full.

You visited 3 branches of the dungeon, and saw 18 of its levels.
You also visited: Sewer.

You collected 1155 gold pieces.
You spent 72 gold pieces at shops.

Inventory:

Hand Weapons
 a - a +1 trident
 o - a +0 glaive of venom (weapon)
 J - a +4 battleaxe of flaming
Armour
 i - a +0 large shield
 j - a +5 plate armour (worn)
 s - a +0 helmet (worn)
 B - a +0 naga barding (worn)
 L - a +0 pair of gloves (worn)
Jewellery
 k - an amulet of the gourmand (around neck)
Wands
 m - a wand of paralysis (14/24)
 t - a wand of confusion (19/48)
 u - a wand of digging (5/24)
 x - a wand of slowing (19/48)
 y - a wand of teleportation (5/9)
 z - a wand of polymorph (12/24)
 G - a wand of iceblast (6/15)
 M - a wand of paralysis (12/24)
Scrolls
 e - 2 scrolls of magic mapping
 p - 6 scrolls of remove curse
 r - 4 scrolls of identify
 w - 5 scrolls of enchant weapon
 E - a scroll of amnesia
 H - a scroll of recharging
Potions
 b - a potion of magic
 c - a potion of brilliance
 d - 4 potions of might
 h - 3 potions of cancellation
 q - 6 potions of flight
 F - a potion of resistance
 N - 2 potions of invisibility
Books
 l - a book of Debilitation

   Spells                             Type                      Level
   a - Corona                         Hexes                        1
   b - Slow                           Hexes                        2
   c - Gell's Gravitas                Hexes/Translocation          3
   d - Inner Flame                    Hexes/Fire                   3
   e - Cause Fear                     Hexes                        4
   f - Leda's Liquefaction            Hexes/Earth                  4
 n - a book of Minor Magic

   Spells                             Type                      Level
   a - Magic Dart                     Conjuration                  1
   b - Blink                          Translocation                2
   c - Call Imp                       Summoning                    2
   d - Repel Missiles                 Charms/Air                   2
   e - Slow                           Hexes                        2
   f - Conjure Flame                  Conjuration/Fire             3
   g - Mephitic Cloud                 Conjuration/Poison/Air       3
 I - a book of Party Tricks

   Spells                             Type                      Level
   a - Summon Butterflies             Summoning                    1
   b - Apportation                    Translocation                1
   c - Lesser Beckoning               Translocation                3
   d - Tukima's Dance                 Hexes                        3
   e - Alistair's Intoxication        Transmutation/Poison         5
   f - Invisibility                   Hexes                        6
 K - a book of Battle

   Spells                             Type                      Level
   a - Infusion                       Charms                       1
   b - Shroud of Golubria             Charms/Translocation         2
   c - Song of Slaying                Charms                       2
   d - Spectral Weapon                Hexes/Charms                 3
   e - Regeneration                   Charms/Necromancy            3
Comestibles
 f - 9 bread rations
 g - 8 meat rations
 v - 4 beef jerkies
 C - 25 fruits
 D - 3 royal jellies


   Skills:
 * Level 10.7 Fighting
   Level 2.3 Short Blades
 * Level 16.5 Polearms
 + Level 12.6 Armour
 - Level 2.4 Shields
 + Level 9.5 Invocations


You had 14 spell levels left.
You didn't know any spells.

Dungeon Overview and Level Annotations

Branches:
Dungeon (11/15)            Temple (1/1) D:7            Lair (6/6) D:11
  Swamp (0/4) Lair:2        Snake (0/4) Lair:3          Orc (0/2) D:9
  Slime: Lair:5-6

Altars:
Ashenzari
Cheibriados
Fedhas
Gozag
Hepliaklqana
Kikubaaqudgha
Makhleb
Okawaru
Ru
Vehumet
Xom
Yredelemnul
Zin

Shops:
D:5 %(*[   D:10 [

Annotations:
D:8 Gorfmaster's ghost, novice DsFi
Lair:5 exclusion: 5 oklob plants


Innate Abilities, Weirdness & Mutations

You cannot wear boots.
Your serpentine skin is tough. (AC +5)
You have supernaturally acute eyesight. (SInv)
Armour fits poorly on your strangely shaped body.
Your system is resistant to poisons. (rPois)
You cover ground very slowly.
You have a slow metabolism.
You can spit poison.
You can use your snake-like lower body to constrict enemies.
Your tail ends in a poisonous barb.
You are partially covered in rugged brown scales. (AC +1, +3% HP)
You are agile. (Dex +2)
Your flesh is heat resistant. (rF+)
You are robust. (+10% HP)
Your spells are a little easier to cast, but a little less powerful.


Message History

You are too injured to fight recklessly!
You slash the ooze!
You kill the ooze!
Cheibriados appreciates the change of pace.
* * * LOW HITPOINT WARNING * * *
You feel sick.
* * * LOW HITPOINT WARNING * * *
You feel sick.
* * * LOW HITPOINT WARNING * * *
You feel sick.
Okay, then.
* * * LOW HITPOINT WARNING * * *
You feel very sick.
* * * LOW HITPOINT WARNING * * *
You feel very sick.
* * * LOW HITPOINT WARNING * * *
You feel sick.
* * * LOW HITPOINT WARNING * * *
You feel sick.
You die...

#.## ##..## #.................
...###...## ##....<............
..#.##..#.# ##.....#....P.#.....
..#####..#####.....###...P####...
.## #..###....P....##..PP# ##...
.## ##..)..........##.#...# #....
..###.#.......P....####...###....
..#.#.#.#.#.#.#P....##...###.....
..##............@...........#....
.#..#.#.#.#.#.#................##
..##..........................!P#
....#.#.#.#.#.#............P#..##
..P............#...........##...#
..#.#.#.#.#.#.#...........###....
.###......................# ##...
..###.#.#.#.#.#..........P# #..#
...#.....................## ##...


There were no monsters in sight!

Vanquished Creatures
  Rupert (Lair:3)
  Josephine (D:10)
  A merfolk avatar (Lair:6)
  7 hydras
  A catoblepas (Lair:6)
  5 death yaks
  Nergalle (D:10)
  3 unseen horrors
  3 hill giants
  A naga ritualist (Lair:3)
  3 sea snakes
  A harpy (Lair:6)
  A deep elf mage (D:10)
  An ugly thing (D:11)
  A manticore (Lair:6)
  A centaur zombie (D:11)
  12 elephants
  Joseph (D:7)
  2 torpor snails
  3 black mambas
  9 spiny frogs
  3 komodo dragons
  12 rime drakes
  A troll (D:11)
  A two-headed ogre (D:9)
  2 polar bears
  A hornet (D:10)
  14 blink frogs
  Grinder (D:5)
  14 hippogriffs
  A shadow (D:11)
  11 wyverns
  6 wraiths
  15 yaks
  4 basilisks
  2 hungry ghosts
  Eustachio (D:5)
  4 nagas (Lair:3)
  Duvessa (D:5)
  5 porcupines
  A hell hound (Lair:5)
  10 water moccasins
  An ice beast (D:9)
  3 orc warriors
  5 sky beasts
  A phantom (D:6)
  A black bear (D:11)
  8 ogres
  3 necrophages
  10 wolves
  7 centaurs
  20 crocodiles
  A big kobold (Sewer)
  14 bullfrogs
  A gnoll sergeant (D:10)
  Dowan (D:5)
  A water moccasin skeleton (D:5)
  3 scorpions
  11 killer bees
  3 wights (D:11)
  5 howler monkeys
  An electric eel (D:10)
  5 crimson imps
  2 bullfrog zombies
  2 hounds
  A quasit (D:9)
  2 human zombies (D:11)
  6 orc priests
  7 jellies
  2 orc wizards (D:6)
  3 bullfrog skeletons
  Jessica (D:3)
  8 iguanas
  9 worker ants
  Natasha (thrice) (D:2)
  A human skeleton (D:11)
  A hound zombie (D:6)
  A hound skeleton (D:8)
  A mummy (D:11)
  2 worker ant zombies
  Robin (D:3)
  14 adders
  7 gnolls
  7 river rats
  A shadow imp (D:5)
  10 oozes
  2 adder skeletons
  3 worms
  3 dart slugs
  13 leopard geckos
  43 orcs
  4 bats
  8 giant cockroaches
  10 hobgoblins
  11 jackals
  3 quokkas
  A ball python (D:4)
  14 frilled lizards
  5 goblins
  13 kobolds
  An orc zombie (D:11)
  2 quokka skeletons
  14 rats
  A spectral orc (D:7)
  2 fungi
  3 plants (Lair:5)
522 creatures vanquished.

Vanquished Creatures (others)
  A crimson imp (D:10)
  A leopard gecko (D:10)
  A frilled lizard (D:10)
  41 fungi
  15 plants
59 creatures vanquished.

Grand Total: 581 creatures vanquished

Notes
Turn   | Place    | Note
-------+----------+-------------------------------------------
     0 | D:1      | Gorfmaster the Naga Fighter began the quest for the Orb.
     0 | D:1      | Reached XP level 1. HP: 21/21 MP: 1/1
    85 | D:1      | Reached XP level 2. HP: 28/28 MP: 2/2
   206 | D:1      | Reached skill level 3 in Polearms
   746 | D:2      | Reached XP level 3. HP: 34/34 MP: 3/3
   777 | D:2      | Found a blossoming altar of Fedhas.
  1182 | D:2      | Found a shattered altar of Ashenzari.
  1333 | D:2      | Reached XP level 4. HP: 32/42 MP: 4/4
  1775 | D:2      | Noticed Natasha
  1785 | D:2      | Killed Natasha
  1785 | D:2      | Reached skill level 4 in Polearms
  1793 | D:2      | Noticed Natasha
  1802 | D:2      | Killed Natasha
  1963 | D:2      | Reached XP level 5. HP: 49/49 MP: 5/5
  1972 | D:2      | Noticed Natasha
  1982 | D:2      | Killed Natasha
  2202 | D:3      | Noticed Jessica
  2218 | D:3      | Killed Jessica
  2218 | D:3      | Reached skill level 5 in Polearms
  2227 | D:3      | Found an iron altar of Okawaru.
  2387 | D:3      | Reached XP level 6. HP: 21/56 MP: 6/6
  2822 | D:3      | Noticed Robin
  2838 | D:3      | Killed Robin
  3315 | D:4      | Found a glowing drain.
  3331 | D:4      | Reached skill level 6 in Polearms
  3348 | Sewer    | Entered a sewer
  3370 | Sewer    | Gained mutation: You are partially covered in molten scales. (AC +2) [potion of mutation]
  3370 | Sewer    | Gained mutation: Potions and wands are less effective at restoring your health. [potion of mutation]
  3370 | Sewer    | HP: 2/56 [river rat (7)]
  3371 | Sewer    | Lost mutation: You are partially covered in molten scales. (AC +2) [potion of cure mutation]
  3371 | Sewer    | Lost mutation: Potions and wands are less effective at restoring your health. [potion of cure mutation]
  3742 | Sewer    | Reached XP level 7. HP: 53/62 MP: 7/7
  3789 | Sewer    | Found a white marble altar of Elyvilon.
  3835 | D:4      | Gained mutation: Your tail ends in a poisonous barb. [potion of mutation]
  3835 | D:4      | Gained mutation: You are agile. (Dex +2) [potion of mutation]
  3835 | D:4      | Gained mutation: You are robust. (+10% HP) [potion of mutation]
  4044 | D:4      | Reached skill level 7 in Polearms
  4228 | D:5      | Entered Level 5 of the Dungeon
  4333 | D:5      | Found a sacrificial altar of Ru.
  4358 | D:5      | Found Egoirhir's Antique Weapon Shoppe.
  4427 | D:5      | Found Yrosash's Antique Armour Boutique.
  4553 | D:5      | Found Tigaops's General Store.
  4608 | D:5      | Noticed Eustachio
  4815 | D:5      | Noticed Duvessa
  4815 | D:5      | Noticed Dowan
  4841 | D:4      | Gained mutation: You are partially covered in rugged brown scales. (AC +1, +3% HP) [mutagenic meat]
  4842 | D:4      | Gained mutation: Your spells are a little easier to cast, but a little less powerful. [mutagenic meat]
  4843 | D:4      | Gained mutation: Your flesh is heat resistant. (rF+) [mutagenic meat]
  5025 | D:4      | Reached XP level 8. HP: 77/77 MP: 8/8
  5090 | D:5      | Killed Dowan
  5130 | D:5      | Bought a scroll of identify for 24 gold pieces
  5130 | D:5      | Bought a potion of might for 48 gold pieces
  5171 | D:5      | Reached skill level 8 in Polearms
  5227 | D:5      | Killed Duvessa
  5227 | D:5      | Reached skill level 5 in Armour
  5646 | D:5      | Noticed Grinder
  5651 | D:5      | Killed Grinder
  5744 | D:5      | Reached skill level 9 in Polearms
  5762 | D:5      | Killed Eustachio
  5919 | D:5      | Found Nomneebb's Food Emporium.
  6091 | D:5      | Reached XP level 9. HP: 84/84 MP: 9/9
  6208 | D:6      | Found an opulent altar of Gozag.
  6470 | D:6      | Reached skill level 10 in Polearms
  6951 | D:6      | Found a blossoming altar of Fedhas.
  7511 | D:7      | Noticed Joseph
  7524 | D:7      | Killed Joseph
  7524 | D:7      | Reached skill level 11 in Polearms
  8169 | D:7      | Found a basalt altar of Yredelemnul.
  8386 | D:7      | Found a staircase to the Ecumenical Temple.
  8398 | Temple   | Entered the Ecumenical Temple
  8452 | Temple   | Became a worshipper of Cheibriados the Contemplative
  8527 | D:7      | Reached XP level 10. HP: 91/94 MP: 10/10
  8591 | D:8      | Reached skill level 1 in Invocations
  8755 | D:8      | Noticed a hill giant
  8767 | D:8      | Killed a hill giant
  8814 | D:8      | Found a hazy altar of Hepliaklqana.
  8997 | D:8      | Reached * piety under Cheibriados
  9176 | D:8      | Noticed Gorfmaster's ghost (novice DsFi)
  9290 | D:9      | Reached skill level 12 in Polearms
 10143 | D:9      | Found a staircase to the Orcish Mines.
 10171 | D:9      | Reached ** piety under Cheibriados
 10219 | D:9      | Found a shimmering altar of Xom.
 10266 | D:9      | You fall through a shaft!
 10266 | D:10     | Entered Level 10 of the Dungeon
 10273 | D:10     | Found Conur's Armour Shop.
 10291 | D:10     | Reached skill level 5 in Fighting
 10291 | D:10     | Reached skill level 13 in Polearms
 10291 | D:10     | Reached skill level 5 in Invocations
 10291 | D:10     | Reached XP level 11. HP: 109/109 MP: 12/14
 10292 | D:10     | Reached skill level 10 in Armour
 10292 | D:10     | Reached XP level 12. HP: 119/119 MP: 12/15
 10346 | D:10     | Noticed Josephine
 10352 | D:10     | Killed Josephine
 10352 | D:10     | Reached skill level 14 in Polearms
 10379 | D:10     | Gained mutation: You can use your snake-like lower body to constrict enemies. [Naga growth]
 10379 | D:10     | Reached XP level 13. HP: 90/129 MP: 17/17
 10823 | D:9      | Found a glowing silver altar of Zin.
 10823 | D:9      | Noticed an angel
 11086 | D:10     | Reached *** piety under Cheibriados
 11403 | D:10     | Noticed Nergalle
 11409 | D:10     | Killed Nergalle
 11641 | D:11     | Reached **** piety under Cheibriados
 12150 | D:11     | Reached ***** piety under Cheibriados
 12158 | D:11     | Found an ancient bone altar of Kikubaaqudgha.
 12245 | D:11     | Found a staircase to the Lair.
 12949 | Lair:1   | Entered Level 1 of the Lair of Beasts
 13620 | Lair:2   | Reached skill level 15 in Polearms
 13622 | Lair:2   | Reached skill level 1 in Short Blades
 13768 | Lair:2   | Found a staircase to the Swamp.
 14657 | Lair:3   | Found a staircase to the Snake Pit.
 14702 | Lair:3   | Noticed Rupert
 14712 | Lair:3   | Killed Rupert
 14712 | Lair:3   | Reached XP level 14. HP: 143/143 MP: 19/19
 14864 | Lair:3   | Found a runed door.
 15720 | Lair:4   | Found an opulent altar of Gozag.
 16192 | Lair:5   | Reached ****** piety under Cheibriados
 17320 | Lair:5   | Reached skill level 16 in Polearms
 17687 | Lair:5   | Upgraded the game from 0.20-a0-219-g21f8257 to 0.20-a0-252-gcc89fee
 17705 | Lair:6   | Entered Level 6 of the Lair of Beasts
 17719 | Lair:6   | Reached skill level 10 in Fighting
 17793 | Lair:6   | Reached XP level 15. HP: 42/155 MP: 21/21
 18177 | Lair:5   | HP: 7/158 [poisoned by a sea snake]
 18179 | Lair:5   | HP: 3/158 [poisoned by a sea snake]
 18181 | Lair:5   | HP: 1/158 [poisoned by a sea snake]
 18182 | Lair:5   | Succumbed to a sea snake's poison

Vault maps used:
D:1:      dpeg_arrival_prison
D:2:      old_standard_altar, ashenzari_conservatory_becter, first_bread,
          uniq_natasha
D:3:      okawaru_ov_weapons_minmay, uniq_robin, uniq_jessica
D:4:      portal_sewer_entry_b
D:5:      nicolae_ru_sacrificial_ziggurat, serial_shops, nicolae_shop_crystal,
          shop, nicolae_shop_competitors_out_of_business, nicolae_shop_stone,
          minmay_misc_feat_encased, uniq_grinder, uniq_eustachio, uniq_duvessa
D:6:      grunt_gozag_breadcrumbs, hangedman_decor_peaks_small, fedhas_altar_3
D:7:      yredelemnul_forgotten_temple_becter, uniq_joseph
D:8:      nicolae_overflow_hidden_temple
D:9:      zin_angel, kennysheep_mini_moat, orc_0_dummy
D:10:     lemuel_reptile_caves, enter_bailey_2, serial_shops, shop,
          hangedman_stone_soup, uniq_nergalle, uniq_josephine
D:11:     lair_entry_dummy, lemuel_mausoleum_altar_kikubaaqudgha
Temple:   minmay_temple_forest_path
Lair:2:   swamp_mist_pool, lemuel_fruit_tree, grunt_megastairs_4,
          infiniplex_staircase_pool_2
Lair:3:   minmay_snake_entry_guardpost_small, pf_torpor_hydra, uniq_rupert
Lair:4:   basic_altar
Lair:5:   lemuel_slime, special_room, st_stairs_11, minmay_lair_oklob_chamber
Lair:6:   gammafunk_lair_ancient_temple, dpeg_slime_entry_corner,
          enter_volcano_1
Sewer:    sewer_kobolds

Skill      XL: |  1  2  3  4  5  6  7  8  9 10 11 12 13 14 15 |
---------------+----------------------------------------------+-----
Polearms       | 3 4 5 6 7 9 11 13 14 15 16 | 16.5
Armour         | 3 4 5 6 9 10 11 12 | 12.6
Invocations    | 5 7 8 9 |  9.5
Fighting       | 5 6 7 8 10 | 10.7
Short Blades   | 2 |  2.3
Shields        | |  2.4

Action                   |  1- 3 |  4- 6 |  7- 9 | 10-12 | 13-15 || total
-------------------------+-------+-------+-------+-------+-------++-------
Melee: Trident           |   147 |   288 |   434 |       |       ||   869
       Tailslap          |       |       |    57 |    33 |   216 ||   306
       Glaive            |       |       |    70 |   184 |   731 ||   985
       Constrict         |       |       |       |       |   151 ||   151
       Dagger            |       |       |       |       |     8 ||     8
       Battleaxe         |       |       |       |       |    28 ||    28
Invok: Slouch            |       |       |       |       |     6 ||     6
 Abil: Spit Poison       |       |       |       |     2 |     1 ||     3
Evoke: Wand              |       |       |       |       |     1 ||     1
  Use: Scroll            |     1 |     7 |     5 |     6 |    15 ||    34
       Potion            |       |     7 |     5 |     4 |     9 ||    25
 Stab: Distracted        |       |       |       |       |     1 ||     1
  Eat: Chunk             |    10 |     8 |    18 |     8 |    28 ||    72
Armor: Scale mail        |    21 |       |       |       |       ||    21
       Plate armour      |    55 |   160 |   292 |   131 |   906 ||  1544
       Skin              |       |     7 |       |       |       ||     7
Dodge: Dodged            |     9 |    16 |    50 |    31 |   136 ||   242
Block: Shield            |    52 |   112 |   167 |       |       ||   331
